 Dungeon Crawl Stone Soup version 0.17-a0-1404-gb8113a6 (webtiles) character file.

410 urechis the Spear-Bearer (level 6, 0/44 HPs)
             Began as a Merfolk Gladiator on June 21, 2015.
             Slain by a wasp (7 damage)
             ... on level 4 of the Dungeon.
             The game lasted 00:08:24 (3863 turns).

urechis the Spear-Bearer (Merfolk Gladiator)        Turns: 3863, Time: 00:08:25

Health: 0/44       AC:  4    Str: 15    XL:     6   Next: 89%
Magic:  6/6        EV: 17    Int:  7    God:
Gold:   181        SH:  0    Dex: 17    Spells: 0 memorised, 5 levels left

rFire  . . .     SeeInvis .     a - +0 trident
rCold  . . .     Clarity  .     b - +0 leather armour
rNeg   . . .     SustAt   .     (no shield)
rPois  .         Gourm    .     c - +0 helmet
rElec  .         Spirit   .     (no cloak)
rCorr  .         Warding  .     (no gloves)
rMut   .         Rnd*Tele +     (no boots)
MR     .....                    (no amulet)
Stlth  +.........               k - +1 ring of evasion
                                j - ring of teleportation

@: slowed, very slow, not resistant to hostile enchantments, very unstealthy
A: change form in water, swift swim
a: Evoke Teleportation


You were on level 4 of the Dungeon.
You were not hungry.

You visited 1 branch of the dungeon, and saw 4 of its levels.
You also visited: Sewer.

You collected 181 gold pieces.

Inventory:

Hand weapons
 a - a +0 trident (weapon)
Missiles
 e - 3 throwing nets (quivered)
Armour
 b - a +0 leather armour (worn)
 c - a +0 helmet (worn)
 y - a +0 buckler
Jewellery
 j - a ring of teleportation (left hand)
 k - a +1 ring of evasion (right hand)
 r - an uncursed ring of positive energy
 A - an uncursed ring of ice
Scrolls
 h - 3 scrolls of magic mapping
 i - 3 scrolls of blinking
 l - 3 scrolls of fog
 m - a scroll of identify
 n - 2 scrolls of teleportation
 o - a scroll of enchant weapon {unknown}
 u - a scroll of remove curse
 v - a scroll of enchant armour {unknown}
 w - a scroll of fear {unknown}
 x - a scroll of recharging {unknown}
Potions
 f - a potion of agility {unknown}
 g - 3 potions of curing
 p - 4 potions of brilliance {unknown}
 q - 2 potions of haste {unknown}
 t - 3 potions of magic {unknown}
 z - a potion of mutation {unknown}
 C - 2 potions of flight {unknown}
 D - 3 potions of might {unknown}
 E - a potion of lignification {unknown}
Comestibles
 d - 4 bread rations
 B - a meat ration


   Skills:
 - Level 2.1 Fighting
 * Level 9.0 Polearms
 - Level 2.0 Throwing
 + Level 6.7 Dodging


You had 5 spell levels left.
You didn't know any spells.

Dungeon Overview and Level Annotations

Branches:
Dungeon (4/15)
 Temple: D:4-7

Altars:
Ashenzari
Dithmenos
Fedhas
Okawaru
Qazlal
Xom


Message History

Drink which item? (? for menu, Esc to quit)
You feel better. The wasp closely misses you. The wasp misses you.
You hit the wasp but do no damage.
The wasp is lightly wounded.
The wasp misses you. x2
You barely miss the wasp.
The wasp is lightly wounded.
The wasp stings you.
* * * LOW HITPOINT WARNING * * *
You feel as though you will be slow longer.
The wasp barely misses you.
Drink which item? (? for menu, Esc to quit)
Okay, then.
You hit the wasp.
The wasp is moderately wounded.
The wasp stings you.
* * * LOW HITPOINT WARNING * * *
You feel as though you will be slow longer.
The wasp stings you!
You die...

##.###...##......
#..# ##..........
#..# ##.........
#..# ##....<.##
#..## ##..####
##.[# #### #..#
###..# #@..##
######
......y...#
##...##
.##########
##......
##.###### ##.##
##.## ##.## #.##
#.#


You could see a wasp.

Vanquished Creatures
  Purgy (Sewer)
  Terence (D:2)
  A centaur skeleton (D:4)
  An iguana (D:4)
  A killer bee zombie (D:3)
  2 gnolls (D:3)
  12 adders
  3 oozes
  2 worms (D:2)
  3 giant geckos
  6 orcs
  11 bats
  3 giant cockroaches
  4 hobgoblins
  10 kobolds
  A quokka (D:4)
  4 ball pythons
  5 giant newts
  3 goblins
  8 rats
82 creatures vanquished.

Notes
Turn   | Place    | Note
--------------------------------------------------------------
     0 | D:1      | urechis the Merfolk Gladiator began the quest for the Orb.
     0 | D:1      | Reached XP level 1. HP: 16/16 MP: 1/1
   312 | D:1      | Reached skill level 5 in Polearms
   312 | D:1      | Reached XP level 2. HP: 22/22 MP: 2/2
  1102 | D:2      | Reached XP level 3. HP: 27/27 MP: 3/3
  1188 | D:2      | Found a stormy altar of Qazlal.
  1207 | D:2      | Found a shadowy altar of Dithmenos.
  1429 | D:2      | Reached skill level 6 in Polearms
  1430 | D:2      | Reached XP level 4. HP: 24/33 MP: 4/4
  1496 | D:2      | Reached skill level 5 in Dodging
  1504 | D:2      | Noticed Terence
  1523 | D:2      | Killed Terence
  2045 | D:2      | Reached XP level 5. HP: 32/38 MP: 5/5
  2202 | D:3      | Found a blossoming altar of Fedhas.
  2312 | D:3      | Reached skill level 7 in Polearms
  2398 | D:3      | Found an iron altar of Okawaru.
  2559 | D:3      | Found a shattered altar of Ashenzari.
  3160 | D:4      | Reached skill level 8 in Polearms
  3160 | D:4      | Reached XP level 6. HP: 44/44 MP: 6/6
  3223 | D:4      | Found a glowing drain.
  3262 | Sewer    | Entered a sewer
  3295 | Sewer    | Noticed Purgy
  3324 | Sewer    | Killed Purgy
  3390 | Sewer    | Reached skill level 9 in Polearms
  3720 | D:4      | Found a shimmering altar of Xom.
  3847 | D:4      | Noticed a wasp
  3854 | D:4      | Paralysed by a wasp for 2 turns
  3857 | D:4      | HP: 1/44 [wasp (11)]
  3859 | D:4      | Paralysed by a wasp for 1 turns
  3863 | D:4      | Slain by a wasp

Vault maps used:
D:1:      ncdulo_lavacross, serial_co_window_serial, co_window_paths_b,
          co_window_corner_a, co_window_paths_a, co_window_paths_a,
          co_window_paths_a, co_window_cross_3, co_window_of_opportunity_b,
          co_window_corner_cb, co_window_cross_4, co_window_paths_d,
          co_window_4corner_b, glass_columns_b, glass_columns_a
D:2:      grunt_dithmenos_smoke, nicolae_qazlal_general_emergency, first_bread,
          uniq_terence
D:3:      evilmike_ruin_ashenzari, fedhas_altar_3, okawaru_altar_gauntlet_db
D:4:      old_standard_altar, tgw_trog, gup_sewer_entry_glass
Sewer:    sewer_co_purgy_island

Action                   |  1- 3 |  4- 6 || total
-------------------------+-------+-------++-------
Melee: Trident           |    81 |   227 ||   308
  Use: Scroll            |       |     6 ||     6
       Potion            |       |     4 ||     4
 Stab: Sleeping          |       |     6 ||     6
  Eat: Chunk             |     1 |     8 ||     9
